 Dungeon Crawl Stone Soup version 0.31-a0-358-gac0dbeb3ab (webtiles) character file.

Game seed: 4357144174423217825

5989 Hopiakuusi the Spear-Bearer (level 10, -7/90 HPs)
             Began as a Minotaur Cinder Acolyte on July 26, 2023.
             Was an Initiate of Ignis.
             Mangled by a wyvern (14 damage)
             ... on level 9 of the Dungeon.
             The game lasted 01:30:16 (11615 turns).

Hopiakuusi the Spear-Bearer (MiCA)                 Turns: 11615, Time: 01:30:17

Health: -7/90      AC:  7    Str: 22    XL:     10   Next: 55%
Magic:  10/10      EV:  9    Int: 11    God:    Ignis [......]
Gold:   104        SH:  0    Dex:  7    Spells: 11/11 levels left

rFire   + . .        e - +2 spear (freeze)
rCold   . . .        (no shield)
rNeg    . . .        w - +1 shadow dragon scales
rPois   +            (helmet restricted)
rElec   .            H - +0 cloak {rPois}
rCorr   .            (no gloves)
SInv    +            (no boots)
Will    .....        (no amulet)
Stlth   ++           F - ring of see invisible
HPRegen 0.35/turn    B - +4 ring of protection
MPRegen 0.12/turn

%: no passive effects
@: corroded
A: horns 2, retaliatory headbutt, deformed body
a: Renounce Religion


You were on level 9 of the Dungeon.
You worshipped Ignis.
Ignis was noncommittal.
You visited 2 branches of the dungeon, and saw 10 of its levels.
You also visited: Sewer.

You collected 415 gold pieces.
You spent 311 gold pieces at shops.

Inventory:

Hand Weapons
 a - a -1 spear of flaming
 e - a +2 spear of freezing (weapon)
 i - a +3 heavy trident
 x - a +1 heavy sling
 G - a +2 halberd of freezing
Missiles
 p - 15 poisoned darts
 E - a boomerang of dispersal
Armour
 w - +1 shadow dragon scales (worn)
 A - a +0 robe of positive energy
 H - a +0 cloak of poison resistance (worn)
Magical Staves
 D - a staff of cold
Jewellery
 v - a ring of flight
 B - a +4 ring of protection (right hand)
 F - a ring of see invisible (left hand)
Scrolls
 b - a scroll of immolation
 c - a scroll of summoning
 d - 2 scrolls of teleportation
 f - a scroll of vulnerability
 g - a scroll of revelation {unknown}
 h - a scroll of enchant weapon {unknown}
 m - a scroll of amnesia {unknown}
 q - a scroll of enchant armour
 s - a scroll of poison {unknown}
 y - a scroll of blinking {unknown}
 z - 2 scrolls of fog
Potions
 j - 3 potions of lignification {unknown}
 k - a potion of invisibility {unknown}
 l - a potion of mutation
 o - 2 potions of magic
 r - a potion of haste
 t - 2 potions of degeneration {unknown}
 u - a potion of brilliance
 C - 2 potions of attraction {unknown}
 I - 2 potions of enlightenment {unknown}


   Skills:
 * Level 8.7 Fighting
 * Level 10.8(11.1) Polearms
 + Level 3.2(7.6) Staves
 - Level 5.9 Ranged Weapons
 - Level 3.5 Throwing
 + Level 7.7 Armour
 + Level 6.5 Dodging
 + Level 0.8 Stealth
 - Level 1.0 Spellcasting
 - Level 2.4 Fire Magic
 - Level 0.2 Evocations


You had 11 spell levels left.
You didn't know any spells.
Your spell library contained the following spells:

 Spells                   Type           Power      Damage    Failure   Level
 Scorch                   Fire           10%        2d5       77%         2
 Kiss of Death            Conj/Necr      0%         2d5       91%         1
 Sublimation of Blood     Necr           0%         N/A       97%         2
 Wereblood                Tmut           0%         N/A       97%         2
 Confusing Touch          Hex            0%         N/A       100%        3
 Dispel Undead            Necr           0%         3d6       100%        4
 Summon Hydra             Summ           0%         N/A       100%        7


Dungeon Overview and Level Annotations

Branches:
Dungeon (9/15)             Temple (0/1) D:6            Lair (1/5) D:8
  Sewer (visited)
    Orc: D:9-12

Altars:
Ashenzari
Qazlal
Sif Muna
Uskayaw
Wu Jian
Xom
Zin

Shops:
D:1 (   D:8 [

Annotations:
D:6 1 runed translucent door, Crazy Yiuf


Innate Abilities, Weirdness & Mutations

You have a pair of horns on your head.
You reflexively headbutt those who attack you in melee.
Armour fits poorly on your strangely shaped body.


Message History

The acid dragon is severely wounded.
The acid dragon bites you! The acid dragon closely misses you.
You hit the acid dragon but do no damage.
The acid dragon is severely wounded.
The acid dragon spits acid at you. The splash of acid hits you!
The acid corrodes you!
You hit the acid dragon but do no damage.
Your headbutt misses the acid dragon.
The acid dragon is severely wounded.
You closely miss the acid dragon.
The acid dragon is severely wounded.
The acid dragon bites you! The acid dragon barely misses you.
You barely miss the acid dragon.
You headbutt the acid dragon, but do no damage.
The acid dragon is severely wounded.
You completely miss the acid dragon.
The acid dragon is severely wounded.
The acid dragon barely misses you. The acid dragon misses you.
You hit the acid dragon but do no damage.
The acid dragon is severely wounded.
You hit the acid dragon but do no damage.
The acid dragon is severely wounded.
The acid dragon bites you but does no damage.
The acid dragon completely misses you.
You hit the acid dragon but do no damage.
The acid dragon is severely wounded.
You closely miss the acid dragon.
The acid dragon is severely wounded.
The acid dragon bites you. The acid dragon claws you.
The acid dragon attacks as you move away!
The acid dragon bites you! The acid dragon claws you.
The acid dragon attacks as you move away!
The acid dragon bites you but does no damage.
The acid dragon closely misses you. The wyvern closely misses you.
The acid dragon spits acid at you. The splash of acid hits you!!
* * * LOW HITPOINT WARNING * * *
The wyvern barely misses you. The wyvern attacks as you move away!
The wyvern bites you!
You die...

.......<...........
######...########...#
######...# #...#
.........########...#####
........................
......................#
.##########...........####
.# #####...............
... ........Dl@.<.......
.... ........############
##..# ######..#
............#
..................
...>...........
#########...... ......
.(....


You could see a wyvern and an acid dragon.

Vanquished Creatures
  A two-headed ogre (D:8)
  An unseen horror (D:8)
  A troll (D:7)
  3 yaks
  A steam dragon (D:6)
  5 water moccasins
  An acid dragon (D:8)
  3 ice beasts
  3 black bears (D:8)
  3 orc warriors
  A sky beast (D:8)
  2 ogres (D:4)
  A phantom (D:5)
  5 kobold brigands
  6 bullfrogs
  2 gnoll sergeants
  2 scorpions (D:5)
  10 wights
  2 howler monkeys (D:6)
  3 jellies
  3 hounds (D:6)
  2 orc priests (D:8)
  A sleepcap (D:6)
  An iguana (D:6)
  Natasha (thrice) (D:2)
  8 orc wizards
  11 gnolls
  9 river rats
  11 adders
  A shadow imp (D:5)
  A white imp (D:6)
  2 ufetubi
  3 worms (D:3)
  3 dart slugs
  32 orcs
  5 endoplasms
  3 giant cockroaches (D:1)
  7 goblins
  6 hobgoblins
  4 jackals (D:4)
  25 kobolds
  4 quokkas
  11 ball pythons
  3 bats (D:1)
  A frilled lizard (D:2)
  19 rats
235 creatures vanquished.

Notes
Turn   | Place    | Note
-------+----------+-------------------------------------------
     0 | D:1      | Hopiakuusi the Minotaur Cinder Acolyte began the quest for
                  | the Orb.
     0 | D:1      | Reached XP level 1. HP: 19/19 MP: 1/1
   148 | D:1      | Found a faded altar of an unknown god.
   154 | D:1      | Reached XP level 2. HP: 27/27 MP: 2/2
   213 | D:1      | Found Canaow's Antique Weapon Shoppe.
   272 | D:1      | Reached skill level 4 in Polearms
  1176 | D:2      | Reached XP level 3. HP: 23/33 MP: 3/3
  1262 | D:2      | Reached skill level 1 in Dodging
  1410 | D:2      | Reached XP level 4. HP: 40/40 MP: 4/4
  1429 | D:2      | Reached skill level 5 in Polearms
  1588 | D:2      | Noticed Natasha
  1594 | D:2      | Killed Natasha
  1653 | D:2      | Noticed Natasha
  1658 | D:2      | Killed Natasha
  1955 | D:3      | Reached XP level 5. HP: 21/47 MP: 5/5
  2034 | D:3      | Found a glowing drain.
  2042 | Sewer    | Entered a sewer
  2127 | Sewer    | Reached skill level 6 in Polearms
  2350 | Sewer    | Reached XP level 6. HP: 30/53 MP: 6/6
  2516 | Sewer    | Reached skill level 5 in Fighting
  2932 | D:3      | Found a stormy altar of Qazlal.
  3389 | D:3      | Reached XP level 7. HP: 52/61 MP: 7/7
  3474 | D:2      | Noticed Natasha
  3552 | D:1      | Bought a glowing sling for 94 gold pieces
  3589 | D:2      | Killed Natasha
  3749 | D:3      | Reached skill level 7 in Polearms
  3866 | D:3      | Found an ornate altar of the Wu Jian Council.
  3872 | D:3      | Found a glowing silver altar of Zin.
  4419 | D:4      | Found a hide-covered altar of Uskayaw.
  4479 | D:4      | Reached skill level 1 in Ranged Weapons
  4479 | D:4      | Reached skill level 1 in Armour
  4741 | D:5      | Entered Level 5 of the Dungeon
  4760 | D:4      | Reached skill level 1 in Throwing
  4840 | D:4      | Reached XP level 8. HP: 54/70 MP: 8/8
  4997 | D:5      | Reached skill level 1 in Staves
  5005 | D:5      | Reached skill level 5 in Dodging
  6258 | D:6      | Found a broken altar of Ashenzari.
  6287 | D:6      | Found a runed translucent door.
  6288 | D:6      | Noticed Crazy Yiuf
  6634 | D:6      | Found a staircase to the Ecumenical Temple.
  7082 | D:6      | Reached skill level 5 in Ranged Weapons
  7082 | D:6      | Reached XP level 9. HP: 43/75 MP: 9/9
  7741 | D:6      | Reached skill level 5 in Armour
  7780 | D:6      | Reached skill level 8 in Polearms
  8253 | D:6      | Gained mutation: Armour fits poorly on your strangely
                  | shaped body. [potion of mutation]
  8821 | D:6      | Reached skill level 9 in Polearms
  9058 | D:7      | Noticed a troll
  9229 | D:7      | Killed a troll
  9230 | D:7      | Reached XP level 10. HP: 86/86 MP: 10/10
  9379 | D:8      | Found a shimmering blue altar of Sif Muna.
  9549 | D:8      | Noticed a two-headed ogre
  9773 | D:8      | Killed a two-headed ogre
  9774 | D:8      | Reached skill level 10 in Polearms
 10031 | D:8      | Found a shimmering altar of Xom.
 10076 | D:8      | Found a staircase to the Lair.
 10927 | D:8      | Found Lujufra's Antique Armour Boutique.
 10986 | D:8      | Bought a runed cloak for 217 gold pieces
 11551 | Lair:1   | Entered Level 1 of the Lair of Beasts
 11551 | Lair:1   | Noticed a cane toad
 11615 | D:9      | Mangled by a wyvern

Illustrated notes

Levels and vault maps discovered:
D:1:      mrwooster_arrival_statue_2, layout_basic, serial_shops, shop,
          chequers_ecumenical_altar_simple, serial_bayou_ford_a
D:2:      layout_loops_ring, uniq_natasha
D:3:      layout_basic, grunt_temple_overflow_diamond, lightli_sewer_entry_pipes
D:4:      layout_basic, nicolae_uskayaw_suspiria
D:5:      layout_basic, amethyst_killhole
D:6:      layout_loops_ring, nicolae_ashenzari_panopticon,
          minmay_temple_entry_drinking_statues, uniq_crazy_yiuf_cottage
D:7:      layout_rooms
D:8:      layout_gridville, xom_teletrap_fun, mainiacjoe_overflow_catwalk,
          due_lair_maze_entry_diamond, serial_shops,
          nicolae_inconvenience_store, serial_bayou_pond_e,
          chequers_serial_rivers_large_a, minmay_misc_feat_rows
D:9:      layout_long_grid, zombieorc1_lemuel, serial_bayou,
          serial_bayou_pond_e, serial_bayou_shore_a, serial_bayou_pond_a,
          serial_bayou_shore_b
Lair:1:   layout_regular_city, portal_ice_cave_rime

Skill      XL: |  1  2  3  4  5  6  7  8  9 10 |
---------------+-------------------------------+-----
Polearms       | 4 5 6 7 9 10 | 10.8
Fighting       | 4 5 6 7 8 |  8.7
Dodging        | 1 2 3 4 5 6 |  6.5
Ranged Weapons | 3 5 |  5.9
Armour         | 2 4 6 7 |  7.7
Throwing       | 1 2 3 |  3.5
Staves         | 3 |  3.2
Stealth        | |  0.8
Spellcasting   | |  1.0
Fire Magic     | |  2.4
Evocations     | |  0.2

Action                     |  1- 3 |  4- 6 |  7- 9 | 10-12 || total
---------------------------+-------+-------+-------+-------++-------
  Melee: Spear             |    67 |   165 |   380 |   145 ||   757
         Headbutt          |     9 |    18 |    77 |    23 ||   127
         Punch             |     1 |     2 |     4 |     3 ||    10
         Staff             |       |       |   126 |       ||   126
         Trident           |       |       |     6 |       ||     6
         Halberd           |       |       |       |     3 ||     3
   Fire: Sling             |       |       |    83 |       ||    83
  Throw: Dart              |       |       |    12 |    41 ||    53
 Invoke: Fiery Armour      |     2 |    11 |       |       ||    13
         Rising Flame      |       |     1 |       |       ||     1
  Evoke: Wand              |       |       |    10 |       ||    10
    Use: Potion            |       |       |     6 |     1 ||     7
         Scroll            |       |       |     7 |       ||     7
 Armour: Robe              |    11 |    38 |       |       ||    49
         Shadow dragon sca |       |       |   334 |    72 ||   406
  Dodge: Dodged            |    24 |    85 |   239 |    68 ||   416

Table legend: (Time is in decaauts)
 A = Elapsed time spent in this place.
 B = Non-inter-level travel time spent in this place.
 C = Inter-level travel time spent in this place.
 D = Time resting spent in this place.
 E = Time spent auto-exploring this place.
 F = Levels seen in this place.
 G = Mean time per level.
                   A        B        C        D        E       F      G
               +--------+--------+--------+--------+--------+-----+--------+
         Total |  11592 |  11592 |      0 |   2352 |   5700 |  11 | 1053.8 |
       Dungeon |  10752 |  10752 |      0 |   2352 |   5121 |   9 | 1194.7 |
          Lair |      1 |      1 |      0 |      0 |      0 |   1 |    1.0 |
         Sewer |    837 |    837 |      0 |      0 |    578 |   1 |  837.0 |
               +--------+--------+--------+--------+--------+-----+--------+

Top non-repeatable levels by time:
     D:6: 3124 daAuts
     D:8: 1289 daAuts
     D:7: 1177 daAuts
     D:4: 1134 daAuts
     D:1: 1104 daAuts
     D:2: 1099 daAuts
     D:3: 972 daAuts
   Sewer: 837 daAuts
     D:5: 601 daAuts
     D:9: 250 daAuts
  Lair:1: 1 daAuts
